 Dungeon Crawl Stone Soup version 0.20.1-1-g8b1a95d (webtiles) character file.

121 t3hbunneh the Skirmisher (level 4, 0/37 HPs)
             Began as a Demonspawn Fighter on Oct 27, 2017.
             Slain by a gnoll (1 damage)
             ... on level 4 of the Dungeon.
             The game lasted 00:05:45 (2078 turns).

t3hbunneh the Skirmisher (Demonspawn Fighter)       Turns: 2078, Time: 00:05:46

Health: 0/37       AC:  6    Str: 22    XL:     4   Next: 77%
Magic:  4/4        EV:  7    Int:  9    God:
Gold:   155        SH:  9    Dex: 13    Spells: 3/3 levels left

rFire    . . .     SeeInvis .   a - +0 flail
rCold    . . .     Gourm    .   c - +0 shield
rNeg     . . .     Faith    .   b - +0 scale mail
rPois    .         Spirit   .   (no helmet)
rElec    .         Reflect  .   (no cloak)
rCorr    .         Harm     .   (no gloves)
MR       .....                  (no boots)
Stlth    ..........             (no amulet)
Regen    0.2/turn               (no ring)
MPRegen  0.1/turn               (no ring)

@: mighty
A: foul stench 1, powered by pain 1, rot immunity
a: no special abilities


You were on level 4 of the Dungeon.
You were not hungry.

You visited 1 branch of the dungeon, and saw 4 of its levels.

You collected 155 gold pieces.

Inventory:

Hand Weapons
 a - a +0 flail (weapon)
Armour
 b - a +0 scale mail (worn)
 c - a +0 shield (worn)
Jewellery
 g - an uncursed ring of protection from magic {unknown}
 q - a +2 ring of evasion {unknown}
Scrolls
 e - a scroll of teleportation {unknown}
 h - 4 scrolls of remove curse
 j - 3 scrolls of identify {unknown}
 k - 3 scrolls of fear {unknown}
 m - a scroll of magic mapping {unknown}
 n - a scroll of fog {unknown}
 o - a scroll of enchant armour {unknown}
 r - a scroll of blinking {unknown}
Potions
 d - 2 potions of might
Comestibles
 f - 6 bread rations
 i - 2 royal jellies
 l - 2 meat rations
 p - 2 fruits
 s - 2 chunks of flesh


   Skills:
 + Level 3.8 Fighting
 + Level 3.7 Maces & Flails
 - Level 2.6 Armour
 + Level 1.0 Dodging
 - Level 2.6 Shields


You had 3 spell levels left.
You didn't know any spells.

Dungeon Overview and Level Annotations

Branches:
Dungeon (4/15)
 Temple: D:4-7

Altars:

Annotations:
D:3 Robin


Innate Abilities, Weirdness & Mutations

You may emit foul miasma when damaged in melee.
You sometimes gain a little power by taking damage.
You are immune to rotting.


Message History

You block the gnoll's attack.
You barely miss the gnoll.
The gnoll is severely wounded.
The gnoll hits you. You block the gnoll's attack.
You sock the gnoll!
You kill the gnoll!
The gnoll hits you from afar with a spear.
The gnoll hits you with a spear.
* * * LOW HITPOINT WARNING * * *
You see here a gnoll corpse.
You sock the gnoll!
The gnoll is almost dead.
The gnoll hits you with a spear!
* * * LOW HITPOINT WARNING * * *
The gnoll hits you with a spear.
* * * LOW HITPOINT WARNING * * *
You bludgeon the gnoll!!
You kill the gnoll!
You barely miss the gnoll. The gnoll hits you.
You die...

### #<# #)# #.#
#.# #.#
.###.###@#
........g#[......
......###.......#
..... .........#
.... #.......#
... #.......# ..
#.......# .
#.......#.#
#....<....#


You could see a gnoll.

Vanquished Creatures
  A worker ant (D:4)
  2 gnolls (D:4)
  2 adders
  An ooze (D:3)
  A worm (D:3)
  2 dart slugs (D:1)
  2 leopard geckos
  5 giant cockroaches
  5 goblins
  3 hobgoblins
  3 jackals (D:2)
  A quokka (D:3)
  4 bats
  4 frilled lizards
  6 kobolds
  6 rats
48 creatures vanquished.

Notes
Turn   | Place    | Note
-------+----------+-------------------------------------------
     0 | D:1      | t3hbunneh the Demonspawn Fighter began the quest for the Orb.
     0 | D:1      | Reached XP level 1. HP: 18/18 MP: 1/1
   286 | D:1      | Gained mutation: You are immune to rotting. [demonic ancestry]
   286 | D:1      | Reached XP level 2. HP: 23/24 MP: 2/2
  1238 | D:2      | Gained mutation: You sometimes gain a little power by taking damage. [demonic ancestry]
  1238 | D:2      | Reached XP level 3. HP: 29/29 MP: 3/3
  1913 | D:3      | Gained mutation: You may emit foul miasma when damaged in melee. [demonic ancestry]
  1913 | D:3      | Reached XP level 4. HP: 33/37 MP: 4/4
  2019 | D:3      | Noticed Robin
  2058 | D:4      | Reached skill level 1 in Dodging
  2076 | D:4      | HP: 1/37 [gnoll/spear (4)]
  2078 | D:4      | Slain by a gnoll

Skill      XL: |  1  2  3  4 |
---------------+-------------+-----
Maces & Flails | 2 3 |  3.7
Dodging        | 1 |  1.0
Fighting       | |  3.8
Armour         | |  2.6
Shields        | |  2.6

Action                   |  1- 3 |  4- 6 || total
-------------------------+-------+-------++-------
Melee: Flail             |   158 |    27 ||   185
  Use: Potion            |     2 |     1 ||     3
       Scroll            |     2 |       ||     2
  Eat: Chunk             |     3 |     1 ||     4
Armor: Scale mail        |    74 |     9 ||    83
Dodge: Dodged            |    43 |     9 ||    52
Block: Shield            |    75 |    16 ||    91
